 Dungeon Crawl Stone Soup version 0.17-a0-1596-g1e86911 (webtiles) character file.

11 Geomchi the Insei (level 2, -3/21 HPs)
             Began as a Demonspawn Transmuter on July 31, 2015.
             Slain by a gnoll
             ... wielding a +0 spear
              (5 damage)
             ... on level 1 of the Dungeon.
             The game lasted 00:01:14 (1427 turns).

Geomchi the Insei (Demonspawn Transmuter)           Turns: 1427, Time: 00:01:14

Health: -3/21      AC:  6    Str: 10    XL:     2   Next: 13%
Magic:  5/5        EV: 12    Int: 14    God:
Gold:   68         SH:  2    Dex: 13    Spells: 1 memorised, 4 levels left

rFire  . . .     SeeInvis .       - Unarmed
rCold  . . .     Clarity  .     b - +0 robe
rNeg   . . .     SustAt   .     (no shield)
rPois  .         Gourm    .     l - +0 helmet
rElec  .         Spirit   .     (no cloak)
rCorr  .         Warding  .     k - +0 pair of gloves
rMut   .         Stasis   .     (boots currently unavailable)
MR     .....                    (no amulet)
Stlth  +.........               (no ring)
                                (no ring)

@: appendage (expiring), not resistant to hostile enchantments, very unstealthy
A: talons 3, large bone plates 1
a: End Transformation


You were on level 1 of the Dungeon.
You were not hungry.
You had grown temporary talons.
You visited 1 branch of the dungeon, and saw 1 of its levels.

You collected 68 gold pieces.

Inventory:

Missiles
 a - 58 arrows
Armour
 b - a +0 robe (worn)
 k - a +0 pair of gloves (worn)
 l - a +0 helmet (worn)
Scrolls
 g - a scroll of remove curse {unknown}
 h - a scroll of teleportation {unknown}
 j - 2 scrolls of identify {unknown}
Potions
 e - a potion of curing {unknown}
 i - a potion of lignification {unknown}
Books
 c - a book of Changes

   Spells                             Type                      Level
   a - Beastly Appendage              Transmutation                1
   b - Sticks to Snakes               Transmutation                2
   c - Spider Form                    Transmutation/Poison         3
   d - Ice Form                       Ice/Transmutation            4
   e - Blade Hands                    Transmutation                5
Comestibles
 d - a bread ration {@e1}
 f - a meat ration {@e2}


   Skills:
 - Level 1.0 Fighting
 - Level 1.7 Dodging
 + Level 3.3 Unarmed Combat
 - Level 2.0 Spellcasting
 - Level 1.7 Transmutations


You had 4 spell levels left.
You knew the following spells:

 Your Spells              Type           Power        Failure   Level  Hunger
a - Beastly Appendage     Trmt           #.....       14%         1    ##.....


Dungeon Overview and Level Annotations

Branches:
Dungeon (1/15)

Altars:


Innate Abilities, Weirdness & Mutations

You are partially covered in large bone plates (AC +2, SH +2).
You have claws for feet.


Message History

You barely miss the gnoll. Your kick misses the gnoll.
Your transformation is almost over.
You hit the gnoll but do no damage. Your kick misses the gnoll.
The gnoll barely misses you.
You closely miss the gnoll. The gnoll misses you.
You hit the gnoll but do no damage. Your kick misses the gnoll.
The gnoll hits you with a spear!
* * * LOW HITPOINT WARNING * * *
You take 10 damage, and have 2/21 hp.
MASSIVE DAMAGE!!
You are too injured to fight recklessly!
You are too injured to fight recklessly!
You are too injured to fight recklessly!
You are too injured to fight recklessly!
You barely miss the gnoll. The gnoll misses you.
A goblin comes into view. It is wielding a dagger.
MP restored: 5 The goblin shouts!
You hit the gnoll but do no damage. The gnoll closely misses you.
You closely miss the gnoll. The gnoll hits you with a spear.
You die...

#######..## ##.##.##
#.........####......##
+.........'...........
#.........####...#.###
##.......## ##.##.#
##.....## ####.#
##...## #.# ##'## #.#
#@# #.# #g# #.# #g#
... ... #.... ##.#.
###..


You could see a gnoll and a goblin.

Vanquished Creatures
  2 hobgoblins (D:1)
  3 bats (D:1)
  3 giant newts (D:1)
  5 rats (D:1)
13 creatures vanquished.

Notes
Turn   | Place    | Note
--------------------------------------------------------------
     0 | D:1      | Geomchi the Demonspawn Transmuter began the quest for the Orb.
     0 | D:1      | Reached XP level 1. HP: 15/15 MP: 3/3
   424 | D:1      | Reached skill level 3 in Unarmed Combat
  1150 | D:1      | Gained mutation: You are partially covered in large bone plates (AC +2, SH +2). [demonic ancestry]
  1150 | D:1      | Reached XP level 2. HP: 21/21 MP: 5/5
  1427 | D:1      | Slain by a gnoll

Vault maps used:
D:1:      lemuel_arrival_tunnels

Action                   || total
-------------------------++-------
Melee: Unarmed           ||    44
 Cast: Beastly Appendage ||     9
 Stab: Sleeping          ||     1
  Eat: Chunk             ||     2
